 Dungeon Crawl Stone Soup version 0.28-a0-973-ga7f8b01127 (webtiles) character file.

Game seed: 734164647218648345

527 spiderkeys the Ducker (level 7, -1/48 HPs)
             Began as a Spriggan Abyssal Knight on Dec 2, 2021.
             Was a Believer of Lugonu.
             Slain by a black bear (4 damage)
             ... on level 4 of the Dungeon.
             The game lasted 00:09:50 (4348 turns).

spiderkeys the Ducker (Spriggan Abyssal Knight)     Turns: 4348, Time: 00:09:51

Health: -1/48      AC: 23    Str:  9    XL:     7   Next: 2%
Magic:  10/10      EV:  4    Int: 11    God:    Lugonu [**....]
Gold:   68         SH:  0    Dex: 18    Spells: 6/6 levels left

rFire   . . .      SeeInvis +   g - +3 dagger (elec)
rCold   . . .      Faith    +   (shield restricted)
rNeg    . . .      Spirit   .   (armour currently unavailable)
rPois   +          Reflect  .   (helmet currently unavailable)
rElec   .          Harm     .   (cloak currently unavailable)
rCorr   .          Rampage  .   (gloves unavailable)
Will    +....      NoTele   +   (boots unavailable)
Stlth   +++.......              T - amulet of faith {!P}
HPRegen 0.16/turn               P - ring of poison resistance
MPRegen 0.12/turn               (no ring)

@: tree-form, attractive
A: stationary, stasis, torment immunity, boosted hp, very small, no large
weapons, unfitting armour, see invisible, (speed 3), frail 1, MP-powered wands
a: Renounce Religion, Depart the Abyss, Bend Space


You were on level 4 of the Dungeon.
You worshipped Lugonu.
Lugonu was pleased with you.
You were a tree.
You visited 1 branch of the dungeon, and saw 4 of its levels.
You visited the Abyss 1 time.

You collected 68 gold pieces.


Innate Abilities, Weirdness & Mutations

You are a tree.
Your roots penetrate the ground, keeping you stationary.
You cannot be teleported.
You are immune to unholy pain and torment.
Your maximum health is greatly increased.
Your equipment is partially melded.
You are very small and have problems with some larger weapons.
You are too small for most types of armour.
You have supernaturally acute eyesight. (SInv)
((You cover ground extremely quickly. (Speed+++)))
You are frail. (-10% HP)
You expend magic power (3 MP) to strengthen your wands.


   Skills:
 + Level 3.6 Fighting
 + Level 4.0 Short Blades
 + Level 5.4 Dodging
 + Level 5.0 Stealth
 + Level 3.6 Invocations


You had 6 spell levels left.
You didn't know any spells.
Your spell library was empty.

Inventory:

Hand Weapons
 a - a +1 short sword
 g - a +3 dagger of electrocution (weapon)
   (You took it off a goblin on level 2 of the Dungeon)
 n - a +1 whip of electrocution
   (You found it on level 1 of the Dungeon)
 r - a +1 dagger of venom
   (You took it off a goblin on level 2 of the Dungeon)
Missiles
 c - 75 stones
 h - 22 arrows
 u - 12 poisoned darts
Armour
 b - a +0 robe (melded)
 e - a +2 cloak (melded)
   (You found it on level 2 of the Abyss)
Jewellery
 P - a ring of poison resistance (left branch)
   (You found it on level 1 of the Dungeon)
 T - an amulet of faith (around neck) {!P}
   (You found it on level 3 of the Dungeon)
Wands
 t - a wand of polymorph (5)
   (You took it off Grinder on level 3 of the Dungeon)
Scrolls
 f - a scroll of vulnerability {!r!r}
 k - 2 scrolls of fear
 m - a scroll of teleportation {@r4}
 s - 2 scrolls of identify {@r1}
Potions
 d - a potion of berserk rage {!q}
 j - a potion of mutation {!q}
 o - a potion of brilliance {unknown}
 p - a potion of cancellation {unknown}
 q - a potion of curing {unknown}

Dungeon Overview and Level Annotations

Branches:
Dungeon (4/15)
 Temple: D:4-7

Altars:
Ru

# ### .. ##.###### ##...
###.......## #.....
########...##...♣h##......
#........########o........
#..#.#.#.# ##).......
#........# #)........
#..#.#.#.# #.........
#.......†### ..........
##.#.#.#.... ...........
#........... ..#.........
###.##.#####..###........


You could see a black bear and an orc priest.


Message History

The adder hisses angrily.
The adder moves out of view.
An adder is nearby!
An adder is nearby!
The adder closely misses you.
You hit the adder. The adder closely misses you.
You hit the adder. The adder barely misses you.
You closely miss the adder. The adder misses you.
You closely miss the adder. The adder barely misses you.
You hit the adder.
You kill the adder!
Lugonu accepts your kill.
No target in view!
No target in view!
An orc comes into view. It is wielding a +0 mace.
An orc is nearby!
An orc is nearby!
An orc is nearby!
An orc priest and an orc wizard come into view.
The orc wizard shouts!
The orc shouts!
The orc priest shouts!
You hear an angry growl.
The orc wizard moves out of view.
You hit the orc but do no damage. Lightning courses through the orc!
You kill the orc!
Lugonu accepts your kill.
A black bear comes into view.
The orc wizard completely misses you.
The orc priest looks braver for a moment.
Things that are here:
a +0 mace; a +0 chain mail; an orc corpse You closely miss the orc wizard.
The orc wizard hits you with a +0 dagger. 😕 HP[-2]
You take 2 damage, and now have 30/32 hp.
You hit the orc wizard. The orc wizard completely misses you.
You closely miss the orc wizard. You hit the orc wizard.
The orc wizard hits you but does no damage.
The orc priest misses you.
You hit the orc wizard.
The orc wizard hits you but does no damage.
The orc priest hits you but does no damage.
You hit the orc wizard.
Lightning courses through the orc wizard!
You kill the orc wizard!
Lugonu accepts your kill.
The orc priest hits you but does no damage.
Your Stealth skill increases to level 5!
You have reached level 7! 😕 HP[+4] MP[+1]
You now have 36 max hp (+4).
You regained 4 hp, and now have 34/36 hp.
Your mp is fully restored (10).
You closely miss the orc priest. The black bear bites you.
The black bear completely misses you.
The black bear claws you but does no damage.
The orc priest barely misses you. 😕 HP[-1]
You take 1 damage, and now have 33/36 hp.
You hit the orc priest but do no damage.
The black bear bites you!
The black bear claws you but does no damage.
The black bear misses you. 😮 HP[-7]
You take 7 damage, and now have 26/36 hp.
You are too injured to fight recklessly!
You are too injured to fight recklessly!
You are too injured to fight recklessly!
You hit the orc priest. The orc priest misses you. The black bear bites you.
The black bear completely misses you.
The black bear claws you but does no damage. 😮 HP[-6]
You take 6 damage, and now have 20/36 hp.
You closely miss the orc priest. The orc priest closely misses you.
The black bear completely misses you. The black bear barely misses you.
The black bear claws you. 😮 HP[-1]
You take 1 damage, and now have 19/36 hp.
You hit the orc priest. The orc priest closely misses you.
You hit the orc priest. The black bear misses you. The black bear claws you.
* * * LOW HITPOINT WARNING * * *
The black bear closely misses you.
The orc priest invokes the aid of Beogh against you.
Beogh smites you!
* * * LOW HITPOINT WARNING * * *
😱 HP[-17]
You take 17 damage, and now have 2/36 hp.
MASSIVE DAMAGE!! (PAUSE) It was a potion of mutation.
You feel extremely strange.
You feel frail.
You feel your magical essence link to the dungeon's wands.
You now have 32 max hp (-4).
It was a potion of attraction.
You feel attractive to monsters. The black bear completely misses you.
The black bear barely misses you. The black bear closely misses you.
The orc priest barely misses you.
It was a potion of lignification.
You turn into a tree.
Your +2 cloak melds into your body.
Your +0 robe melds into your body.
Your roots penetrate the ground.
The black bear bites you.
You die...

Skill      XL: |  1  2  3  4  5  6 |
---------------+-------------------+-----
Stealth        | 1 2 3 4 5 |  5.0
Invocations    | 2 3 |  3.6
Dodging        | 4 5 |  5.4
Fighting       | 3 |  3.6
Short Blades   | 3 4 |  4.0

Action                   |  1- 3 |  4- 6 |  7- 9 || total
-------------------------+-------+-------+-------++-------
Melee: Short sword       |    70 |       |       ||    70
       Whip              |    40 |       |       ||    40
       Dagger            |    26 |   117 |     6 ||   149
  Use: Scroll            |     3 |     6 |       ||     9
       Potion            |     1 |       |     3 ||     4
 Stab: Sleeping          |     1 |     1 |       ||     2
Armor: Robe              |    20 |    15 |     3 ||    38
Dodge: Dodged            |   103 |    56 |    15 ||   174

Levels and vault maps discovered:
D:1:      denvon_arrival_waterhouse, layout_basic,
          hellmonk_ecumenical_altar_run_dry
D:2:      layout_basic, basic_altar, uniq_robin, uniq_crazy_yiuf_cottage,
          uniq_natasha
D:3:      layout_basic, eino_tiny_chamber, chequers_serial_rivers_small_3,
          minmay_misc_feat_chi, kennysheep_generic_room_13, uniq_grinder,
          uniq_terence
D:4:      layout_layer_cave, serial_glass, glass_columns_a, glass_columns_b

Notes
Turn   | Place    | Note
-------+----------+-------------------------------------------
     0 | Abyss:1  | spiderkeys the Spriggan Abyssal Knight began the quest for
                  | the Orb.
     0 | Abyss:1  | Reached XP level 1. HP: 11/11 MP: 3/3
     0 | Abyss:1  | magus.rc [v1.9.10]
    32 | Abyss:2  | Noticed a small abomination
    77 | Abyss:2  | Noticed a large abomination
   117 | Abyss:3  | Noticed an orange demon
   163 | Abyss:3  | Noticed a large abomination
   173 | Abyss:3  | Noticed a glowing orange brain
   173 | Abyss:3  | Noticed an orange crystal statue
   174 | Abyss:3  | Noticed a neqoxec
   174 | Abyss:3  | Noticed a starcursed mass
   175 | Abyss:3  | Noticed a neqoxec
   175 | Abyss:3  | Noticed a brown very ugly thing
   175 | Abyss:3  | Noticed a neqoxec
   175 | Abyss:3  | Noticed a neqoxec
   175 | Abyss:3  | Noticed a neqoxec
   175 | Abyss:3  | Noticed a starcursed mass
   191 | Abyss:3  | Noticed a harpy zombie
   201 | Abyss:3  | Noticed a vampire
   209 | Abyss:3  | Noticed an earth elemental
   212 | Abyss:3  | Noticed a bone dragon
   212 | Abyss:3  | Noticed an ancient zyme
   216 | D:1      | You pass through the gate.
   216 | D:1      | Escaped the Abyss
   894 | D:1      | Reached skill level 1 in Stealth
   894 | D:1      | Reached skill level 2 in Invocations
   894 | D:1      | Reached XP level 2. HP: 14/16 MP: 4/4
   982 | D:1      | Found a faded altar of an unknown god.
  1853 | D:2      | Noticed Robin
  1998 | D:2      | Found a sacrificial altar of Ru.
  2164 | D:2      | Noticed Natasha
  2179 | D:2      | Reached XP level 3. HP: 11/19 MP: 5/5
  2223 | D:1      | Reached skill level 2 in Stealth
  2741 | D:2      | Killed Natasha
  2742 | D:2      | Reached skill level 4 in Dodging
  2742 | D:2      | Reached XP level 4. HP: 21/23 MP: 6/6
  2904 | D:2      | Noticed Natasha
  2913 | D:2      | Killed Natasha
  2922 | D:2      | Killed Robin
  2922 | D:2      | Reached ** piety under Lugonu
  2923 | D:2      | Reached skill level 3 in Fighting
  2923 | D:2      | Reached skill level 3 in Stealth
  2997 | D:2      | Noticed Natasha
  3009 | D:2      | Killed Natasha
  3010 | D:2      | Reached skill level 3 in Short Blades
  3010 | D:2      | Reached XP level 5. HP: 23/28 MP: 6/8
  3083 | D:2      | Found a runed translucent door.
  3084 | D:2      | Noticed Crazy Yiuf
  3096 | D:2      | magus.rc [v1.9.10]
  3142 | D:2      | Killed Crazy Yiuf
  3272 | D:3      | Noticed Terence
  3339 | D:3      | Killed Terence
  3738 | D:3      | Noticed Grinder
  3755 | D:3      | Killed Grinder
  3756 | D:3      | Reached skill level 5 in Dodging
  3756 | D:3      | Reached skill level 4 in Stealth
  3756 | D:3      | Reached skill level 3 in Invocations
  3756 | D:3      | Reached XP level 6. HP: 22/32 MP: 9/9
  4301 | D:4      | Reached skill level 4 in Short Blades
  4338 | D:4      | Reached skill level 5 in Stealth
  4338 | D:4      | Reached XP level 7. HP: 34/36 MP: 10/10
  4343 | D:4      | HP: 2/36 [orc priest/divine providence (16)]
  4346 | D:4      | Gained mutation: You are frail. (-10% HP) [potion of
                  | mutation]
  4346 | D:4      | Gained mutation: You expend magic power (3 MP) to
                  | strengthen your wands. [potion of mutation]
  4348 | D:4      | Slain by a black bear

Vanquished Creatures
  Grinder (D:3)
  A phantom (D:4)
  Crazy Yiuf (D:2)
  Natasha (thrice) (D:2)
  An orc wizard (D:4)
  Terence (D:3)
  Robin (D:2)
  An adder (D:4)
  A worm (D:2)
  2 dart slugs
  4 orcs
  An endoplasm (D:2)
  5 giant cockroaches
  15 goblins
  11 hobgoblins
  A quokka (D:1)
  6 ball pythons
  2 bats
  A frilled lizard (D:1)
  6 kobolds
  3 rats
68 creatures vanquished.

Vanquished Creatures (others)
  A lurking horror (Abyss:2)
1 creature vanquished.

Grand Total: 69 creatures vanquished

Table legend:
 A = Non-vault XP
 B = Vault XP
 C = Vault XP percentage of total XP
 D = Non-vault monster count
 E = Vault monster count
 F = Vault count percentage of total count
                 A         B        C        D         E       F
            +---------+---------+-------+---------+---------+-------
      Total |     322 |     431 |  57.2 |      52 |      16 |  23.5
            +---------+---------+-------+---------+---------+-------
        D:1 |      25 |       5 |  16.7 |      16 |       3 |  15.8
        D:2 |     100 |     106 |  51.5 |      16 |      10 |  38.5
        D:3 |      22 |     320 |  93.6 |      11 |       3 |  21.4
        D:4 |     175 |       0 |   0.0 |       9 |       0 |   0.0
            +---------+---------+-------+---------+---------+-------

Illustrated notes

Table legend:
 A = Kills in this place as a percentage of kills in entire the game.
 B = Kills by you in this place as a percentage of kills by you in the entire game.
 C = Kills by friends in this place as a percentage of kills by friends in the entire game.
 D = Other kills in this place as a percentage of other kills in the entire game.
 E = Experience gained in this place as a percentage of experience gained in the entire game.
 F = Experience gained in this place divided by the number of levels of this place that you have seen.
                   A       B       C       D       E      F
               +-------+-------+-------+-------+-------+----------------------
         Total | 100.0 | 100.0 |   N/A |   N/A | 100.0 | 107.6
       Dungeon | 100.0 | 100.0 |   N/A |   N/A | 100.0 | 188.2
               +-------+-------+-------+-------+-------+----------------------

Table legend: (Time is in decaauts)
 A = Elapsed time spent in this place.
 B = Non-inter-level travel time spent in this place.
 C = Inter-level travel time spent in this place.
 D = Time resting spent in this place.
 E = Time spent auto-exploring this place.
 F = Levels seen in this place.
 G = Mean time per level.
                   A        B        C        D        E       F      G
               +--------+--------+--------+--------+--------+-----+--------+
         Total |   3283 |   3197 |     86 |    222 |   2314 |   7 |  469.0 |
       Dungeon |   3148 |   3062 |     86 |    222 |   2314 |   4 |  787.0 |
         Abyss |    135 |    135 |      0 |      0 |      0 |   3 |   45.0 |
               +--------+--------+--------+--------+--------+-----+--------+

Top non-repeatable levels by time:
     D:1: 1598 daAuts
     D:2: 757 daAuts
     D:3: 683 daAuts
     D:4: 108 daAuts
 Abyss:3: 76 daAuts
 Abyss:2: 41 daAuts
 Abyss:1: 16 daAuts
